 Dungeon Crawl Stone Soup version 0.26-a0-720-g2a1d101370 (webtiles) character file.

Game seed: 1520219108672778318

20230 ringo67 the Fighter (level 12, 0/130 HPs)
             Began as an Ogre Fire Elementalist on Nov 2, 2020.
             Was a High Priest of Vehumet.
             Slain by Rupert
             ... wielding a +1 battleaxe of electrocution
              (24 damage)
             ... on level 2 of the Lair of Beasts on Nov 3, 2020.
             The game lasted 00:43:05 (16884 turns).

ringo67 the Fighter (Ogre Fire Elementalist)       Turns: 16884, Time: 00:43:06

Health: 0/130      AC: 10    Str: 18    XL:     12   Next: 77%
Magic:  21/24      EV: 15    Int: 23    God:    Vehumet [*****.]
Gold:   819        SH: 15    Dex:  9    Spells: 10/28 levels left

rFire    + . .     SeeInvis .   b - staff of conjuration
rCold    x . .     Faith    .   u - +0 kite shield
rNeg     . . .     Spirit   .   n - +1 steam dragon scales
rPois    .         Reflect  +   z - +2 hat
rElec    .         Harm     .   A - +0 cloak
rCorr    .         Rampage  .   (gloves unavailable)
MR       ++...                  (boots unavailable)
Stlth    +.........             f - amulet of reflection
HPRegen  0.31/turn              C - ring of Coluz {Fire MR+ Str+3 Int+3}
MPRegen  0.19/turn              s - +4 ring of evasion

@: no status effects
A: large, unfitting armour, tough skin 1
a: Renounce Religion


You were on level 2 of the Lair of Beasts.
You worshipped Vehumet.
Vehumet was extremely pleased with you.
You visited 3 branches of the dungeon, and saw 14 of its levels.
You also visited: Sewer.

You collected 881 gold pieces.
You spent 62 gold pieces at shops.

Inventory:

Hand Weapons
 c - the +6 broad axe "Upelao" {protect, rC- MR++}
   (You found it on level 2 of the Lair of Beasts)

   It grants its wielder temporary protection when it strikes (+7 to AC).
   It makes you vulnerable to cold.
   It affects your resistance to hostile enchantments.
 y - a +2 dagger of venom
 D - the +7 war axe of Hoajat {freeze, rN++ Dex-5}
   (You found it on level 2 of the Lair of Beasts)

   It has been specially enchanted to freeze those struck by it, causing extra
   injury to most foes and up to half again as much damage against particularly
   susceptible opponents.
   It can also slow down cold-blooded creatures.
   It affects your dexterity (-5).
   It greatly protects you from negative energy.
Missiles
 B - 4 large rocks (quivered)
Armour
 a - a +0 robe
 n - +1 steam dragon scales (worn)
 u - a +0 kite shield (worn)
 z - a +2 hat (worn)
 A - a +0 cloak (worn)
 K - the +3 robe of Clouds {+Thunder rCloud rElec}
   (You found it on level 8 of the Dungeon)

   It insulates you from electricity.
 S - +0 acid dragon scales
Magical Staves
 b - an uncursed staff of conjuration (weapon)
Jewellery
 f - an amulet of reflection (around neck)
 l - an uncursed ring of magical power
 s - a +4 ring of evasion (right hand)
 C - the ring of Coluz (left hand) {Fire MR+ Str+3 Int+3}
   (You found it on level 6 of the Dungeon)

   [ring of fire]

   It enhances your fire magic.
   It affects your strength (+3).
   It affects your intelligence (+3).
   It protects you from fire.
   It makes you vulnerable to cold.
   It affects your resistance to hostile enchantments.
 G - the ring "Yntoiq" {rElec rC+ Str+4 Int+6 Slay+2}
   (You acquired it on level 2 of the Lair of Beasts)

   [ring of intelligence]

   It affects your strength (+4).
   It affects your intelligence (+6).
   It affects your accuracy and damage with ranged weapons and melee attacks
   (+2).
   It protects you from cold.
   It insulates you from electricity.
 L - an uncursed ring of poison resistance
 U - a +4 ring of evasion
Wands
 E - a wand of flame (41)
Scrolls
 d - a scroll of immolation
 j - a scroll of blinking
 k - 4 scrolls of remove curse
 o - 3 scrolls of enchant armour
 q - a scroll of brand weapon
 r - a scroll of identify
 t - a scroll of enchant weapon
 H - 2 scrolls of teleportation
 I - 2 scrolls of fog
 J - a scroll of amnesia
 M - a scroll of vulnerability
 Q - a scroll of fear
Potions
 e - 2 potions of flight
 g - 6 potions of curing
 h - a potion of cancellation
 i - 4 potions of heal wounds
 m - 3 potions of might
 p - 4 potions of lignification
 v - 2 potions of haste
 w - 3 potions of magic
 x - 2 potions of invisibility
 F - 2 potions of resistance
 N - 2 potions of brilliance
 T - a potion of ambrosia


   Skills:
 + Level 11.6 Fighting
 + Level 4.6 Dodging
 - Level 1.4 Stealth
 - Level 9.0 Shields
 + Level 8.8 Spellcasting
 - Level 8.0 Conjurations
 - Level 8.0 Fire Magic
 - Level 4.0 Ice Magic
 - Level 4.0 Earth Magic


You had 10 spell levels left.
You knew the following spells:

 Your Spells              Type           Power        Failure   Level
a - Foxfire               Conj/Fire      ####         1%          1
b - Sticky Flame          Conj/Fire      #######.     1%          4
c - Fireball              Conj/Fire      #######...   1%          5
d - Frozen Ramparts       Ice            ####..       1%          3
e - Bolt of Magma         Conj/Fire/Erth #######...   3%          5

Your spell library contained the following spells:

 Spells                   Type           Power        Failure   Level
 Starburst                Conj/Fire      #######...   11%         6
 Conjure Flame            Conj/Fire      #######.     1%          3
 Inner Flame              Hex/Fire       #####...     1%          3
 Apportation              Tloc           ##....       6%          1
 Beastly Appendage        Tmut           ##....       6%          1
 Wereblood                Tmut           ##......     10%         2
 Lesser Beckoning         Tloc           ##........   19%         3
 Spider Form              Tmut/Pois      ##........   19%         3
 Tukima's Dance           Hex            ##......     19%         3
 Ice Form                 Ice/Tmut       ###.....     28%         4
 Alistair's Intoxication  Tmut/Pois      ##.......    87%         5
 Blade Hands              Tmut           ##........   87%         5
 Invisibility             Hex            ##......     100%        6


Dungeon Overview and Level Annotations

Branches:
Dungeon (10/15)            Temple (1/1) D:4            Lair (3/6) D:8
 Shoals (0/4) Lair:3       Spider (0/4) Lair:3        Sewer (visited)
    Orc: D:9-12

Altars:
Ashenzari
Cheibriados
Dithmenos
Elyvilon
Fedhas
Gozag
Hepliaklqana
Kikubaaqudgha
Makhleb
Nemelex Xobeh
Okawaru
Qazlal
Ru
Sif Muna
Trog
Uskayaw
Vehumet
Wu Jian
Xom
Yredelemnul
Zin
The Shining One

Shops:
D:7 *   D:8 (*[

Annotations:
Lair:2 Rupert


Innate Abilities, Weirdness & Mutations

You are too large for most types of armour.
You have tough skin. (AC +1)


Message History

Rupert rages.
Rupert burns!
Press: ? - help, Dir - move target cursor, p - Rupert
As you read the scroll of blinking, it crumbles to dust.
The frozen ramparts melt away.
Rupert burns!
Rupert burns!
Rupert burns!
Rupert burns!
Rupert burns!
There is an escape hatch in the ceiling here.
Rupert burns!
You block Rupert's attack. A mysterious force pulls you upwards.
The hatch slams shut behind you.
Rupert burns!
Rupert hits you with a +1 battleaxe of electrocution!!
* * * LOW HITPOINT WARNING * * *
You are electrocuted!
* * * LOW HITPOINT WARNING * * *
Rupert hits you with a +1 battleaxe of electrocution!!
You die...

...###### ##.....#####.....#
+####.#.# ###....+#.# ##.....
......(.# ##.........#####..♣.
........#### #...................
...........####.............♣....
..............#........P(.......†
........#.##..'..................
.....)..#####.#........".........
.........# ###@@......#.........
.#..###### #.#.#.+.##.#'......
#..#.# ####...#####....... ##..##
#..### #♣♣.....
##.##############.#.######♣.....
##'#..#.##..##........##........
##....P.......+........+....♣♣...
#.....P..#.#P#.....).....#.<.....
##....'.#.#####........P.....♣...


You could see Rupert (berserk, burning).

Vanquished Creatures
  5 hydras
  The ghost of Cato the Destroyer, a journeyman DECj of Sif Muna (Lair:2)
  A merfolk siren (Lair:3)
  Joseph (Lair:1)
  Maggie (Lair:1)
  The ghost of Zenkrye the Chopper, a novice FoAK of Lugonu (D:6)
  9 cane toads
  2 komodo dragons
  Prince Ribbit (D:5)
  8 blink frogs (Lair:2)
  A hornet (D:9)
  A basilisk (Lair:1)
  A wyvern (Lair:3)
  6 yaks (Lair:1)
  A steam dragon (D:9)
  Menkaure (D:6)
  2 wargs (D:8)
  4 water moccasins
  3 sky beasts
  3 orc warriors
  4 ice beasts
  3 phantoms
  6 ogres
  3 centaurs
  30 wolves (Lair:2)
  2 big kobolds
  16 bullfrogs
  4 scorpions
  11 killer bees
  A wight (D:8)
  2 howler monkeys
  2 jellies
  A centaur zombie (D:7)
  Crazy Yiuf (D:4)
  7 hounds
  10 orc priests
  A gnoll shaman (D:4)
  4 orc wizards
  A bullfrog skeleton (D:6)
  5 iguanas
  Natasha (thrice) (D:3)
  7 worker ants
  2 killer bee zombies
  A hound zombie (D:5)
  A hound skeleton (D:4)
  Robin (D:4)
  5 gnolls
  A river rat (D:5)
  17 adders
  3 white imps (D:6)
  A howler monkey simulacrum (D:6)
  3 oozes
  An adder skeleton (D:5)
  2 worms (D:2)
  2 dart slugs
  7 leopard geckos
  40 orcs
  4 ball pythons
  12 bats
  18 giant cockroaches
  12 goblins
  9 hobgoblins
  8 jackals
  9 quokkas
  A ball python skeleton (D:4)
  10 frilled lizards
  2 jackal skeletons
  10 kobolds
  A quokka skeleton (D:5)
  11 rats
371 creatures vanquished.

Vanquished Creatures (collateral kills)
  36 foxfires
36 creatures vanquished.

Vanquished Creatures (others)
  A bullfrog skeleton (D:8)
  1487 foxfires
  7 fungi (Lair:2)
  66 plants
1561 creatures vanquished.

Grand Total: 1968 creatures vanquished

Notes
Turn   | Place    | Note
-------+----------+-------------------------------------------
     0 | D:1      | ringo67 the Ogre Fire Elementalist began the quest for the
                  | Orb.
     0 | D:1      | Reached XP level 1. HP: 16/16 MP: 3/3
    25 | D:1      | Reached skill level 1 in Conjurations
   247 | D:1      | Reached XP level 2. HP: 24/24 MP: 2/5
  1052 | D:2      | Reached XP level 3. HP: 31/31 MP: 7/7
  1326 | D:2      | Found a broken altar of Ashenzari.
  1523 | D:2      | Reached XP level 4. HP: 39/39 MP: 9/9
  2338 | D:3      | Noticed Natasha
  2346 | D:3      | Killed Natasha
  2346 | D:3      | Reached XP level 5. HP: 44/45 MP: 10/10
  2736 | D:3      | Learned a level 4 spell: Sticky Flame
  2860 | D:3      | Noticed Natasha
  2869 | D:3      | Killed Natasha
  3025 | D:3      | Reached XP level 6. HP: 53/53 MP: 12/12
  3223 | D:3      | Noticed Natasha
  3265 | D:3      | Killed Natasha
  3844 | D:4      | Reached skill level 5 in Spellcasting
  3844 | D:4      | Reached XP level 7. HP: 59/59 MP: 14/14
  4252 | D:4      | Reached skill level 5 in Fire Magic
  4431 | D:4      | Noticed Robin
  4435 | D:4      | Killed Robin
  5026 | D:4      | Found a staircase to the Ecumenical Temple.
  5031 | Temple   | Entered the Ecumenical Temple
  5127 | Temple   | Became a worshipper of Vehumet
  5250 | D:4      | Reached XP level 8. HP: 47/67 MP: 16/17
  5444 | D:4      | Found a runed translucent door.
  5445 | D:4      | Noticed Crazy Yiuf
  5582 | D:4      | Killed Crazy Yiuf
  5837 | D:5      | Entered Level 5 of the Dungeon
  6023 | D:5      | Found a glowing drain.
  6049 | Sewer    | Entered a sewer
  6405 | Sewer    | Reached skill level 5 in Conjurations
  6569 | D:5      | Reached * piety under Vehumet
  6569 | D:5      | Offered knowledge of Freeze by Vehumet.
  6630 | D:5      | Reached skill level 1 in Fighting
  6690 | D:5      | Noticed Prince Ribbit
  6696 | D:5      | Killed Prince Ribbit
  6696 | D:5      | Reached skill level 2 in Fighting
  6696 | D:5      | Reached skill level 1 in Shields
  7241 | D:5      | Found a stormy altar of Qazlal.
  7247 | D:5      | Found a hide-covered altar of Uskayaw.
  7299 | D:6      | Noticed Zenkrye's ghost (novice FoAK)
  7363 | D:6      | Found a glowing golden altar of the Shining One.
  7385 | D:6      | Found a runed translucent gate.
  7385 | D:6      | Found a runed translucent gate.
  7386 | D:6      | Found a runed translucent gate.
  7406 | D:6      | Found an ornate altar of the Wu Jian Council.
  7553 | D:6      | Found a hazy altar of Hepliaklqana.
  7607 | D:6      | Learned a level 5 spell: Fireball
  7734 | D:6      | Noticed Menkaure
  7736 | D:6      | Killed Menkaure
  7736 | D:6      | Reached skill level 3 in Fighting
  7736 | D:6      | Reached XP level 9. HP: 83/83 MP: 19/19
  7960 | D:6      | Killed Zenkrye's ghost
  7960 | D:6      | Reached skill level 4 in Fighting
  8161 | D:6      | Got the ring of Coluz {Fire}
  8347 | D:7      | Reached ** piety under Vehumet
  8347 | D:7      | Offered knowledge of Magic Dart by Vehumet.
  8460 | D:7      | Found Teyhol's Assorted Antiques.
  8508 | D:7      | Bought a scroll labeled SILUIM LEOL for 36 gold pieces
  8630 | D:7      | Reached skill level 5 in Fighting
  9109 | D:8      | Found Mebybub's Assorted Antiques.
  9127 | D:7      | Reached skill level 5 in Shields
  9127 | D:7      | Reached XP level 10. HP: 92/96 MP: 12/20
  9292 | D:8      | Offered knowledge of Static Discharge by Vehumet.
  9419 | D:8      | Reached *** piety under Vehumet
  9421 | D:8      | Reached skill level 6 in Fighting
  9519 | D:8      | Found a staircase to the Lair.
  9592 | D:8      | Bought a scroll labeled SILUIM LEOL for 26 gold pieces
  9618 | D:8      | Identified the ring of Coluz {Fire MR+ Str+3 Int+3} (You
                  | found it on level 6 of the Dungeon)
 10054 | D:8      | Found Olyleokann's Antique Weapon Emporium.
 10518 | D:8      | Found the +3 robe of Clouds {+Thunder rCloud rElec}
 10687 | D:8      | Found Atium's Antique Armour Shoppe.
 10875 | D:9      | Offered knowledge of Frozen Ramparts by Vehumet.
 11552 | D:9      | Reached skill level 7 in Fighting
 12013 | D:9      | Reached **** piety under Vehumet
 12164 | D:9      | Learned a level 3 spell: Frozen Ramparts
 12250 | D:9      | Offered knowledge of Bolt of Magma by Vehumet.
 12275 | D:9      | Learned a level 5 spell: Bolt of Magma
 12657 | D:9      | Found a basalt altar of Yredelemnul.
 12657 | D:9      | Found a sacrificial altar of Ru.
 12747 | D:10     | Entered Level 10 of the Dungeon
 12978 | Lair:1   | Entered Level 1 of the Lair of Beasts
 12978 | Lair:1   | Noticed a cane toad
 12986 | Lair:1   | Killed a cane toad
 13254 | Lair:1   | Noticed a cane toad
 13259 | Lair:1   | Killed a cane toad
 13259 | Lair:1   | Reached XP level 11. HP: 111/111 MP: 14/21
 13468 | Lair:1   | Reached skill level 8 in Fighting
 13477 | Lair:1   | Reached skill level 1 in Earth Magic
 13791 | Lair:1   | Noticed Joseph
 13815 | Lair:1   | Killed Joseph
 13872 | Lair:1   | Noticed Maggie
 13920 | Lair:1   | Killed Maggie
 14558 | Lair:2   | Found a runed translucent gate.
 14558 | Lair:2   | Found a runed translucent gate.
 14558 | Lair:2   | Found a runed translucent gate.
 14559 | Lair:2   | Noticed Cato's ghost (journeyman DECj)
 14559 | Lair:2   | Noticed a 12-headed hydra
 14874 | Lair:2   | Reached skill level 9 in Fighting
 14882 | Lair:2   | Reached skill level 1 in Ice Magic
 15324 | Lair:2   | Reached ***** piety under Vehumet
 15324 | Lair:2   | Offered knowledge of Starburst by Vehumet.
 15324 | Lair:2   | Reached skill level 10 in Fighting
 15421 | Lair:2   | Reached XP level 12. HP: 126/126 MP: 12/22
 15892 | Lair:2   | Got a bloodstained war axe
 15893 | Lair:2   | Identified the +7 war axe of Hoajat {freeze, rN++ Dex-5}
                  | (You found it on level 2 of the Lair of Beasts)
 16241 | Lair:2   | Identified a scroll of acquirement
 16241 | Lair:2   | Acquired the ring "Yntoiq" {rElec rC+ Str+4 Int+6 Slay+2}
 16263 | Lair:2   | Killed Cato's ghost
 16264 | Lair:2   | Killed a 12-headed hydra
 16294 | Lair:2   | Got a slimy broad axe
 16295 | Lair:2   | Identified the +6 broad axe "Upelao" {protect, rC- MR++}
                  | (You found it on level 2 of the Lair of Beasts)
 16457 | Lair:3   | Noticed a six-headed hydra
 16473 | Lair:2   | Killed a six-headed hydra
 16491 | Lair:3   | Noticed a seven-headed hydra
 16503 | Lair:2   | Killed a seven-headed hydra
 16503 | Lair:2   | Reached skill level 11 in Fighting
 16629 | Lair:3   | Found a staircase to the Shoals.
 16693 | Lair:3   | Noticed a six-headed hydra
 16702 | Lair:3   | Killed a six-headed hydra
 16708 | Lair:3   | Noticed a six-headed hydra
 16719 | Lair:3   | Killed a six-headed hydra
 16781 | Lair:3   | Found a hole to the Spider Nest.
 16858 | Lair:3   | Noticed Rupert
 16884 | Lair:2   | Slain by Rupert

Illustrated notes

Levels and vault maps discovered:
D:1:      psy_arrival_basics, layout_basic, hangedman_decor_lopped
D:2:      layout_loops_ring, evilmike_ruin_ashenzari
D:3:      wad_woods_tower, layout_basic, uniq_natasha
D:4:      layout_cave_pools, minmay_temple_entry_statues_pillars, serial_forest,
          infiniplex_forest_zigzag_2, infiniplex_forest_lined_corner,
          infiniplex_forest_lined_4_way, infiniplex_forest_lined_room_2,
          infiniplex_forest_corner_1, infiniplex_forest_lined_room_2,
          infiniplex_forest_lined_3, infiniplex_forest_straight_4,
          infiniplex_forest_clump_long, infiniplex_forest_side_room, uniq_robin,
          uniq_crazy_yiuf_cottage
D:5:      layout_loops_ring, amethyst_overflow_temple_binary,
          portal_sewer_entry_b, patterned_corridor, uniq_prince_ribbit1
D:6:      layout_cave_pools, kennysheep_little_box, lemuel_round_altar,
          basic_altar, gammafunk_ghost_icy, serial_glass, glass_columns_a,
          glass_columns_a, uniq_menkaure
D:7:      layout_cave_pools, serial_shops, nicolae_shop_waterfront,
          minmay_diced_spiral
D:8:      minmay_razor_zed, layout_rooms, erik_lair_orcish_takeover,
          serial_shops, nicolae_shop_statue_plus, shop, shop,
          chequers_ossuary_entry_cave, lemuel_flame_loot_1
D:9:      layout_roguey, gammafunk_temple_overflow_elements
D:10:     layout_roguey, nicolae_ru_the_path_less_chosen, uniq_urug
Temple:   eino_temple_rhombus
Lair:1:   layout_regular_city, infiniplex_staircase_pool, uniq_maggie,
          uniq_joseph
Lair:2:   layout_roguey, gammafunk_ghost_hydra_chop,
          grunt_forest_large_clearings
Lair:3:   layout_small_grid, minmay_shoals_entry_lonely_mermaid,
          spider_nest_entry_funnel_web, portal_ice_cave_demonic_guard,
          minmay_lair_oklob_items, minivault_24, uniq_rupert

Skill      XL: |  1  2  3  4  5  6  7  8  9 10 11 12 |
---------------+-------------------------------------+-----
Conjurations   | 1 2 3 4 5 6 7 8 |  8.0
Fire Magic     | 3 4 5 6 7 8 |  8.0
Spellcasting   | 3 4 5 6 7 8 |  8.8
Fighting       | 3 5 7 10 11 | 11.6
Shields        | 2 5 7 9 |  9.0
Earth Magic    | 3 4 |  4.0
Ice Magic      | 3 4 |  4.0
Dodging        | 4 |  4.6
Stealth        | |  1.4

Action                   |  1- 3 |  4- 6 |  7- 9 | 10-12 || total
-------------------------+-------+-------+-------+-------++-------
Melee: Spear             |    56 |    26 |       |       ||    82
       Unarmed           |     1 |       |       |       ||     1
       Staff             |       |    13 |    65 |   138 ||   216
 Cast: Foxfire           |    71 |   132 |   314 |   391 ||   908
       Sticky Flame      |       |       |     9 |    47 ||    56
       Fireball          |       |       |     3 |     5 ||     8
       Frozen Ramparts   |       |       |       |    27 ||    27
       Bolt of Magma     |       |       |       |     3 ||     3
  Use: Scroll            |       |       |     8 |    25 ||    33
 Stab: Sleeping          |     3 |       |     1 |     1 ||     5
Armor: Robe              |     6 |       |       |       ||     6
       Steam dragon scal |    17 |    20 |    42 |    96 ||   175
Dodge: Dodged            |    33 |    32 |    79 |   187 ||   331
Block: Other             |    14 |    11 |    28 |    21 ||    74
       Kite shield       |       |       |       |   232 ||   232
       Reflection        |       |       |       |     1 ||     1

Table legend: (Time is in decaauts)
 A = Elapsed time spent in this place.
 B = Non-inter-level travel time spent in this place.
 C = Inter-level travel time spent in this place.
 D = Time resting spent in this place.
 E = Time spent auto-exploring this place.
 F = Levels seen in this place.
 G = Mean time per level.
                   A        B        C        D        E       F      G
               +--------+--------+--------+--------+--------+-----+--------+
         Total |  16991 |  16382 |    609 |   3493 |   9365 |  15 | 1132.7 |
       Dungeon |  12400 |  11887 |    513 |   2318 |   7291 |  10 | 1240.0 |
        Temple |    189 |    171 |     18 |      0 |    163 |   1 |  189.0 |
          Lair |   3928 |   3850 |     78 |   1007 |   1808 |   3 | 1309.3 |
         Sewer |    473 |    473 |      0 |    168 |    103 |   1 |  473.0 |
               +--------+--------+--------+--------+--------+-----+--------+

Top non-repeatable levels by time:
  Lair:2: 2045 daAuts
     D:4: 2040 daAuts
     D:8: 1999 daAuts
     D:3: 1727 daAuts
     D:9: 1586 daAuts
  Lair:1: 1565 daAuts
     D:1: 1037 daAuts
     D:7: 1004 daAuts
     D:6: 961 daAuts
     D:5: 939 daAuts
     D:2: 938 daAuts
   Sewer: 473 daAuts
  Lair:3: 316 daAuts
  Temple: 189 daAuts
    D:10: 165 daAuts
